 Dungeon Crawl Stone Soup version 0.20.0-15-g7f486f2 (webtiles) character file.

129 Jobasha the Covered (level 5, -5/41 HPs)
             Began as a Human Fighter on June 16, 2017.
             Killed from afar by a ball python (36 damage)
             ... with an exploding inner flame
             ... hexed by the player character
             ... on level 2 of the Dungeon.
             The game lasted 00:16:18 (2928 turns).

Jobasha the Covered (Human Fighter)                 Turns: 2928, Time: 00:16:19

Health: -5/41      AC:  7    Str: 13 (16) XL:     5   Next: 35%
Magic:  5/5        EV:  7    Int:  6 (9)  God:
Gold:   116        SH:  8    Dex: 12 (13) Spells: 4/4 levels left

rFire    . . .     SeeInvis .   a - +0 long sword
rCold    . . .     Gourm    .   c - +0 shield
rNeg     . . .     Faith    .   b - +0 scale mail
rPois    .         Spirit   .   (no helmet)
rElec    .         Reflect  .   (no cloak)
rCorr    .         Harm     .   (no gloves)
MR       .....                  (no boots)
Stlth    ..........             (no amulet)
Regen    0.2/turn               (no ring)
MPRegen  0.1/turn               (no ring)

@: no status effects
A: no striking features
a: no special abilities


You were on level 2 of the Dungeon.
You were not hungry.

You visited 1 branch of the dungeon, and saw 2 of its levels.

You collected 116 gold pieces.

Inventory:

Hand Weapons
 a - a +0 long sword (weapon)
 d - a +0 flail
 g - a +0 dagger
 l - a +0 hand axe
Missiles
 m - 29 arrows
 n - 5 sling bullets
Armour
 b - a +0 scale mail (worn)
 c - a +0 shield (worn)
 h - a +0 leather armour
 r - a cursed -2 buckler
Scrolls
 j - a scroll of identify
Comestibles
 f - a royal jelly
 i - 3 chunks of flesh
 q - 4 bread rations


   Skills:
 + Level 3.3 Fighting
 + Level 3.1 Long Blades
 + Level 4.0 Armour
 + Level 0.6 Dodging
 + Level 3.8 Shields


You had 4 spell levels left.
You didn't know any spells.

Dungeon Overview and Level Annotations

Branches:
Dungeon (2/15)

Altars:


Message History

You hit the ball python but do no damage.
The ball python closely misses you.
The giant cockroach bites you but does no damage.
The ball python bites you but does no damage.
The ball python closely misses you.
You hit the ball python.
The ball python is severely wounded.
You block the giant cockroach's attack. The ball python barely misses you. x2
You block the giant cockroach's attack.
You barely miss the ball python.
The ball python is severely wounded.
The ball python bites you but does no damage.
The ball python closely misses you. You block the giant cockroach's attack.
The ball python barely misses you. The ball python grabs you.
The ball python constricts you.
You hit the ball python.
The ball python explodes!
The fiery explosion engulfs you!
Ouch! That really hurt!
You die...

#.........# #.#
###### ..###..#.#
#.######## .....#
###..#.#####.........
.###.#
#....#....##.########
.# #.#
#.#######.....##
.###.# #
#....#.........#
.....#
#..#.#..#.####...##
##.#.# #.......#s##
##### .....#
#.......@§s# ...
..)..#
##.....###s##.....
##.### #.###.#
#........ #.# #. #.#
###...... ##.# #. #.#
...[.. ##.# .. .....
.#.#########... .....
(...†.......... ....
.#.#######... ####


You could see 3 giant cockroaches.

Vanquished Creatures
  4 gnolls (D:2)
  3 adders (D:2)
  An ooze (D:1)
  A worm (D:2)
  2 dart slugs (D:1)
  2 leopard geckos (D:1)
  8 bats
  6 giant cockroaches (D:2)
  4 goblins
  7 hobgoblins (D:1)
  2 quokkas (D:2)
  2 frilled lizards (D:2)
  6 kobolds
  4 rats
52 creatures vanquished.

Notes
Turn   | Place    | Note
-------+----------+-------------------------------------------
     0 | D:1      | Jobasha the Human Fighter began the quest for the Orb.
     0 | D:1      | Reached XP level 1. HP: 18/18 MP: 1/1
    66 | D:1      | Reached XP level 2. HP: 1/24 MP: 2/2
   538 | D:1      | Reached XP level 3. HP: 22/29 MP: 3/3
  1131 | D:2      | Reached XP level 4. HP: 13/35 MP: 4/4
  1746 | D:2      | Reached XP level 5. HP: 8/41 MP: 5/5
  2924 | D:2      | Reached skill level 4 in Armour
  2928 | D:2      | Killed from afar by a ball python

Skill      XL: |  1  2  3  4  5 |
---------------+----------------+-----
Long Blades    | 3 |  3.1
Armour         | 4 |  4.0
Fighting       | |  3.3
Dodging        | |  0.6
Shields        | |  3.8

Action                   |  1- 3 |  4- 6 || total
-------------------------+-------+-------++-------
Melee: Long sword        |   110 |   109 ||   219
  Use: Scroll            |     3 |     2 ||     5
       Potion            |     1 |     4 ||     5
  Eat: Bread ration      |     1 |       ||     1
       Royal jelly       |       |     1 ||     1
Armor: Scale mail        |    36 |    57 ||    93
Dodge: Dodged            |    41 |    46 ||    87
Block: Shield            |    74 |    61 ||   135
       Rpst.: Long sword |    13 |    10 ||    23
